 BcadrenCrawl: Boulder Brew version 0.03.3.1 (webtiles) character file.

Game seed: 11451123750717083804, levelgen mode: deterministic

2109 Chiseanne the Ducker (level 9, -3/72 HPs) Lignifite Demonspawn. Began on Mar 11, 2021. Slain by a wyvern zombie (9 damage) ... on level 4 of the Dungeon. The game lasted 00:18:52 (6820 turns).

Chiseanne the Ducker (Lignifite Demonspawn)         Turns: 6820, Time: 00:18:53

Health: -3/72      AC:  3    Str: 19    XL:     9 ^: 2514
Magic:  0/12       EV: 15    Int: 15    God:
Gold:   183        SH: 10    Dex: 10    Spells: 9/10 levels left

rFire    x . .     Vision   .   a - +2 war axe
rCold    . . .     Gourm    .   n - +0 heater shield
rNeg     . . .     Faith    .   b - +0 robe
rPois    +         Spirit   +   (helmet restricted)
rElec    .         Reflect  .   d - scarf {cloud immunity}
rCorr    .         Harm     .   (gloves unavailable)
MR       .....                  (boots unavailable)
Stlth    ++........             (no amulet)
HPRegen  0.34/turn              (no ring)
MPRegen  0.22/turn              (no ring)

@: very quick
A: small, rF-, rough rugged bark 2, deformed body, speed 2, poison resistance,
slow metabolism 1, torment resistance, plant, magic shield, rot immunity
a: no special abilities


You were on level 4 of the Dungeon.
You were not hungry.

You visited 1 branch of the dungeon, and saw 4 of its levels.

You collected 183 gold pieces.

Inventory:

Weapons
 a - a +2 war axe (weapon) Shields
 n - a +0 heater shield (shield)
Armour
 b - a +0 robe (worn)
 d - a scarf of cloud immunity (worn)
Jewellery
 c - a cursed amulet of faith {(Curse: rC-)}
 e - a cursed ring of positive energy {(Curse: -Vis)}
 t - an uncursed ring of resist corrosion
Wands
 f - a wand of iceblast
 m - a wand of hasting (8)
 r - a wand of ensnaring (2)
Scrolls
 g - a scroll of teleportation
 h - a scroll of blinking
 j - 2 scrolls of holy word
 k - a scroll of magic mapping
 q - a scroll of enchantment
Potions
 l - 2 potions of curing
Comestibles
 i - 6 rations
 o - 3 chunks of flesh


   Skills:
 * Level 6.0 Fighting
 - Level 1.3 Axes & Hammers
 * Level 7.8 Dodging
 - Level 1.7 Stealth
 * Level 4.2 Shields
 - Level 1.1 Spellcasting
 - Level 1.5 Fire Magic
   Level 3.0 Invocations


You had 9 spell levels left.
You knew the following spells:

 Your Spells              Type           Power        Failure   Level  Hunger
a - Flame Tongue          Fire           5 (30)       52%         1    ##.....

Your spell library contained the following spells:

 Spells                   Type           Power        Failure   Level  Hunger
 Blink                    Tloc           N/A          86%         2    ###....
 Call Imp                 Summ           0 (100)      86%         2    ###....
 Slow                     Hex            0 (100)      86%         2    ###....
 Conjure Flame            Fire           5 (100)      87%         3    ####...
 Mephitic Cloud           Pois/Air       0 (100)      98%         3    ####...


Dungeon Overview and Level Annotations

Branches:
Dungeon (4/8)
 Temple: D:4

Altars:
Sif Muna

Shops:
D:2 ![=


Innate Abilities, Weirdness & Mutations

Your woody flesh burns easily. (rF-)
A tangle of shorter branches protects your body from attack. (+4 SH)
You are small and have problems with some larger weapons.
You are mostly covered in rough rugged bark. (AC +2, +5% HP)
Armour fits poorly on your strangely shaped body.
You cover ground very quickly.
Your system is resistant to poisons. (rPois)
You have a slow metabolism.
You are immune to unholy pain and torment.
You require very little carbon dioxide to survive.
When hurt, damage is shared between your health and your magic reserves.
You are immune to rotting.


Message History

You kill the orc warrior!
You block the jackal's attack.
You slash the jackal (13)!
You kill the jackal!
You block the jackal's attack. The jackal closely misses you (0).
You slash the jackal (16)!
You kill the jackal!
You block the jackal's attack.
You closely miss the jackal. The jackal bites you (1).
* * * LOW HITPOINT WARNING * * *
You block the jackal's attack.
You slice the jackal (19)!!
You kill the jackal!
The wyvern zombie barely misses you (0).
You slash the wyvern zombie (8)! The wyvern zombie bites you (12)!
* * * LOW HITPOINT WARNING * * *
You block the wyvern zombie's attack.
You barely miss the wyvern zombie.
You block the wyvern zombie's attack. x2
You slash the wyvern zombie (11)! The wyvern zombie bites you (11)!
You die...

###...####.##.))#
###.##.#......####
##.<÷.#........†..#
#...)#).......##..#.
##...#..##...........
###...###............
#..>.##........#....
#....##.......##....
#...@##......## ...
####Z##.....##
##..†..###.#
#.....<.....
.o.........##....
Y.##......%.......
#.......#.......
#.......#...
......... ..


You could see a wyvern zombie.

Vanquished Creatures
  A water moccasin (D:2)
  An orc warrior (D:4)
  A phantom (D:4)
  A scorpion (D:3)
  An ice beast (D:4)
  3 porcupines (D:3)
  An ogre (D:3)
  A big kobold (D:2)
  A bullfrog (D:4)
  3 howler monkeys (D:4)
  A hornet zombie (D:4)
  3 crimson imps
  3 hounds
  5 jellies (D:2)
  An orc wizard (D:3)
  A wyvern skeleton (D:4)
  4 giant cockroaches
  2 bullfrog zombies (D:4)
  2 bullfrog skeletons (D:4)
  A shadow imp (D:3)
  8 adders
  34 sewer rats
  5 cinder newts (D:2)
  4 worms
  An ooze (D:2)
  2 dart slugs (D:1)
  3 leopard geckos
  14 orcs
  3 adder skeletons
  7 ball pythons
  A gnoll skeleton (D:2)
  A goblin (D:1)
  3 hobgoblins (D:1)
  5 jackals (D:4)
  6 kobolds
  A quokka (D:4)
  2 ball python skeletons (D:2)
  5 bats
  5 bat skeletons (D:2)
  3 rats (D:1)
  A rat skeleton (D:2)
  7 withered plants (D:2)
158 creatures vanquished.

Vanquished Creatures (others)
  An orc (D:4)
  A jackal (D:4)
  A giant blowfly (D:2)
  5 slimeheads (D:2)
  85 withered plants (D:2)
93 creatures vanquished.

Grand Total: 251 creatures vanquished

Notes
Turn   | Place    | Note
-------+----------+-------------------------------------------
     0 | D:1      | Chiseanne the Lignifite Demonspawn began the quest for the
                  | Orb.
     0 | D:1      | Reached XP level 1. HP: 13/13 MP: 4/4
   101 | D:1      | Reached skill level 3 in Dodging
   208 | D:1      | Gained mutation: When hurt, damage is shared between your
                  | health and your magic reserves. [demonic ancestry]
   208 | D:1      | Reached XP level 2. HP: 14/18 MP: 5/5
   566 | D:2      | Reached XP level 3. HP: 23/23 MP: 6/6
   714 | D:1      | Reached skill level 4 in Dodging
   719 | D:1      | Reached XP level 4. HP: 20/28 MP: 5/7
  1079 | D:2      | Found Mulad's Jewellery Emporium.
  1198 | D:2      | Gained mutation: You are partially covered in rough rugged
                  | bark. (AC +1, +3% HP) [demonic ancestry]
  1198 | D:2      | Reached XP level 5. HP: 4/35 MP: 2/8
  1231 | D:2      | Found Velodeqa's Distillery.
  1521 | D:2      | Found a shimmering blue altar of Sif Muna.
  1748 | D:2      | Reached skill level 5 in Dodging
  2253 | D:2      | Reached XP level 6. HP: 24/47 MP: 7/9
  2630 | D:2      | Reached skill level 6 in Dodging
  2869 | D:2      | Gained mutation: You are mostly covered in rough rugged
                  | bark. (AC +2, +5% HP) [demonic ancestry]
  2869 | D:2      | Reached XP level 7. HP: 47/54 MP: 8/10
  3001 | D:2      | Found Gubisk's Armour Emporium.
  5314 | D:3      | Reached skill level 1 in Shields
  5453 | D:3      | Reached XP level 8. HP: 43/64 MP: 6/11
  5558 | D:3      | Reached skill level 7 in Dodging
  5863 | D:3      | Reached skill level 5 in Fighting
  6744 | D:4      | Reached XP level 9. HP: 23/72 MP: 8/12
  6820 | D:4      | Slain by a wyvern zombie

Levels and vault maps discovered:
D:1:      dpeg_arrival_lava_temple_mockup, layout_basic
D:2:      layout_sewer, first_ration, serial_shops, kennysheep_little_box,
          nicolae_shop_trees, shop, basic_altar, minmay_liquid_box
D:3:      layout_loops_ring
D:4:      layout_cave_pools, fiery_altar_vehumet, minmay_temple_entry_large_hall

Skill      XL: |  1  2  3  4  5  6  7  8  9 |
---------------+----------------------------+-----
Dodging        | 3 4 5 6 7 |  7.8
Fighting       | 2 3 4 5 6 |  6.0
Shields        | 1 4 |  4.2
Axes & Hammers | |  1.3
Stealth        | |  1.7
Spellcasting   | |  1.1
Fire Magic     | |  1.5
Invocations    | |  3.0

Action                   |  1- 3 |  4- 6 |  7- 9 || total
-------------------------+-------+-------+-------++-------
Melee: War axe           |    96 |   308 |   253 ||   657
       Unarmed           |    79 |   264 |    90 ||   433
Evoke: Wand              |     5 |       |     3 ||     8
  Use: Scroll            |       |       |     3 ||     3
       Potion            |       |       |     2 ||     2
 Stab: Sleeping          |     1 |       |     2 ||     3
  Eat: Ration            |       |     2 |       ||     2
       Chunk             |       |       |     7 ||     7
Armor: Robe              |     1 |    19 |    37 ||    57
Dodge: Dodged            |   132 |   403 |   222 ||   757
Block: Other             |     4 |    42 |    13 ||    59
       Heater shield     |       |       |    91 ||    91
